Map: Blueshift LE

Players

Lambo - Winner!

  • Race: Zerg Zerg
  • League: Grandmaster
  • Spawn Location: 1:00

llllllllllll

  • Race: Protoss Protoss
  • Spawn Location: 7:00

VOD

Have the link to the VOD?

Description

Time

  • Played on: Dec. 27, 2018, 4:43 p.m.
  • Length: 9:31
Show
View Real Time Build Order
Export as new Build Order

Lambo Zerg - Winner!

Build Orders: Hatch First, Lurkers 

Get SALT Encoding   

  12  0:00  Drone  
  13  0:12  Overlord  
  13  0:19  Drone  
  14  0:31  Drone x2  
  16  0:48  Hatchery  
  15  0:51  Drone  
  15  0:55  Drone  
  17  0:58  Drone  
  18  1:09  Extractor  
  17  1:13  Spawning Pool  
  17  1:16  Drone  
  17  1:19  Drone  
  18  1:28  Drone  
  19  1:40  Drone  
  20  1:51  Overlord  
  20  1:59  Queen  
  20  2:00  Queen  
  20  2:01  Zergling x4  
  26  2:10  Metabolic Boost  
  26  2:11  Drone  
  26  2:12  Drone  
  28  2:21  Drone  
  29  2:27  Drone  
  30  2:33  Drone x2  
  32  2:40  Hatchery  
  32  2:43  Drone  
  32  2:48  Drone  
  33  2:54  Overlord  
  33  2:56  Drone  
  33  2:57  Queen  
  36  3:13  Drone x2  
  36  3:14  Overlord, Drone x2  
  36  3:15  Drone  
  36  3:16  Drone  
  36  3:19  Drone  
  43  3:22  Overlord  
  43  3:26  Drone  
  44  3:30  Spore Crawler  
  44  3:32  Drone  
  44  3:35  Drone  
  44  3:36  Queen  
  44  3:41  Drone  
  48  3:44  Drone  
  48  3:47  Drone x2  
  48  3:48  Overlord  
  51  3:54  Drone  
  52  3:57  Queen  
  52  3:58  Spore Crawler  
  52  4:00  Drone x2  
  55  4:06  Overlord  
  55  4:07  Zergling x4  
  55  4:08  Drone x2  
  59  4:15  Drone x2  
  61  4:18  Drone x4  
  61  4:22  Drone  
  65  4:26  Drone  
  65  4:30  Overlord  
  66  4:32  Roach Warren, Lair  
  66  4:34  Drone  
  66  4:35  Extractor x2  
  64  4:42  Drone x3  
  64  4:43  Queen  
  64  4:45  Drone x3  
  72  4:46  Drone  
  72  4:51  Drone  
  72  4:52  Evolution Chamber, Drone  
  74  4:53  Drone  
  74  4:55  Drone  
  74  4:56  Overlord  
  76  5:00  Drone x2  
  76  5:03  Drone x2  
  76  5:04  Drone  
  81  5:12  Extractor  
  81  5:14  Extractor, Drone x3  
  81  5:15  Drone x3  
  81  5:16  Drone x2  
  86  5:21  Roach  
  86  5:22  Roach  
  86  5:23  Overlord  
  86  5:25  Zerg Missile Weapons Level 1  
  90  5:29  Overlord  
  90  5:30  Glial Reconstitution  
  90  5:35  Overlord  
  89  5:36  Extractor  
  89  5:37  Overlord  
  89  5:41  Roach x4  
  96  5:47  Overlord  
  96  5:48  Roach x3  
  96  5:49  Roach  
  104  5:54  Roach x3  
  109  5:59  Roach x2  
  109  6:00  Roach x2  
  109  6:02  Roach  
  112  6:05  Hydralisk Den  
  112  6:06  Roach  
  107  6:16  Roach x4  
  112  6:19  Roach  
  112  6:21  Overlord  
  112  6:24  Roach x2  
  112  6:25  Overlord  
  114  6:30  Roach x2  
  115  6:38  Roach x2  
  110  7:10  Lurker Den, Drone x9  
  118  7:16  Hydralisk x2  
  118  7:19  Zergling x2  
  118  7:20  Zergling x6  
  126  7:28  Hydralisk  
  126  7:29  Hydralisk x3  
  129  7:39  Hydralisk x2  
  133  7:49  Zergling x4  
  133  7:50  Zergling x6  
  130  7:53  Zergling x8  
  134  7:59  Hydralisk x3  
  134  8:02  Overlord  
  140  8:07  Hydralisk x2  
  140  8:14  Overlord  
  140  8:17  Hydralisk x2, Zergling x4  
  128  8:28  Hydralisk x2, Zergling x6  
  135  8:39  Lurker  
  135  8:40  Lurker x4  
  133  8:43  Roach, Zergling x6  
  135  8:49  Zergling x4  
  135  8:50  Roach  
  135  8:52  Lurker  
  140  8:56  Roach, Zergling x4  
  143  9:03  Roach x2, Zergling x2  
  143  9:04  Zergling x2  
  143  9:08  Roach  
  143  9:09  Lurker  
Show
View Real Time Build Order
Export as new Build Order

llllllllllll Protoss 

Build Orders: 1 Gate Expand, Oracle Opening, Phoenix Opening, Mass Adepts 

Get SALT Encoding   

  12  0:00  Probe  
  13  0:12  Probe  
  14  0:18  Pylon  
  14  0:24  Probe  
  15  0:32  Probe  
  15  0:38  Gateway  
  15  0:40  Probe  
  16  0:47  Assimilator  
  17  0:51  Probe  
  18  1:03  Probe  
  19  1:15  Probe  
  20  1:25  Nexus  
  20  1:36  Cybernetics Core  
  20  1:38  Probe  
  21  1:45  Assimilator  
  21  1:50  Probe  
  22  1:54  Pylon  
  22  2:02  Probe  
  22  2:04  Adept  
  23  2:14  Probe  
  26  2:20  Stargate  
  26  2:24  Warp Gate  
  26  2:26  Probe  
  27  2:30  Adept  
  27  2:34  Probe x2  
  29  2:43  Probe x2  
  33  2:54  Probe x2  
  33  2:56  Phoenix  
  37  3:06  Probe x2  
  39  3:13  Pylon  
  39  3:18  Oracle, Probe x2  
  41  3:24  Gateway  
  44  3:31  Gateway  
  44  3:33  Probe  
  45  3:34  Probe  
  45  3:37  Assimilator  
  46  3:46  Twilight Council  
  46  3:47  Probe x2  
  48  3:59  Gateway  
  48  4:00  Gateway  
  48  4:04  Gateway, Resonating Glaives  
  48  4:07  Pylon  
  48  4:10  Probe x2  
  48  4:12  Assimilator  
  50  4:27  Adept x3  
  50  4:29  Probe  
  50  4:30  Pylon  
  50  4:31  Probe  
  58  4:35  Assimilator  
  58  4:40  Robotics Facility  
  58  4:49  Adept x2  
  58  4:50  Adept  
  64  4:56  Adept  
  64  4:57  Adept  
  68  5:01  Probe  
  68  5:02  Pylon  
  69  5:14  Pylon  
  69  5:21  Adept x4  
  69  5:24  Observer  
  77  5:32  Robotics Bay  
  77  5:33  Sentry  
  80  5:40  Nexus  
  80  5:44  Pylon  
  80  5:48  Sentry x2  
  84  5:51  Immortal  
  84  5:55  Pylon  
  88  6:16  Pylon  
  88  6:17  Pylon  
  86  6:22  Disruptor  
  82  6:31  Sentry x2  
  82  6:32  Probe x2  
  87  6:35  Gateway  
  87  6:37  Gateway  
  79  6:44  Probe x2  
  79  6:47  Disruptor  
  80  7:03  Adept x2  
  80  7:04  Adept x4  
  90  7:12  Probe  
  90  7:15  Gateway  
  87  7:16  Warp Prism  
  87  7:27  Stalker  
  87  7:28  Stalker x2  
  95  7:37  Stalker x2  
  95  7:38  Stalker  
  101  7:49  Stalker x2  
  105  7:53  Stalker x3  
  105  8:07  Adept x3  
  104  8:18  Adept x3  
  101  8:25  Probe  
  97  8:29  Sentry x2  
  98  8:37  Probe x2  
  96  8:43  Probe  
  96  8:45  Probe  
  96  8:47  Probe  
  96  8:52  Probe  
  99  9:03  Adept x4  
  99  9:08  Probe  
  99  9:09  Probe x2  
Tags
 
Add a new tag
Caveats
  • Supply blocks, unpowered buildings, or Contaminate may cause inaccurate times.
  • Supply counts are checked every 10 seconds.